 Dungeon Sprint DCSS version 0.28-a0-622-gbaef9634d7 (webtiles) character file.

Game seed: 8052901915753250646

142 SkeletonJelly the Cutter (level 5, -8/48 HPs)
             Began as a Minotaur Gladiator on Oct 8, 2021.
             Mangled by an iguana (12 damage)
             ... in the Dungeon (Sprint IX: "|||||||||||||||||||||||||||||").
             The game lasted 00:00:31 (155 turns).

SkeletonJelly the Cutter (Minotaur Gladiator)        Turns: 155, Time: 00:00:31

Health: -8/48      AC:  3    Str: 19    XL:     5   Next: 3%
Magic:  4/4        EV: 13    Int:  5    God:
Gold:   0          SH:  0    Dex: 12    Spells: 4/4 levels left

rFire   . . .      SeeInvis .   a - +0 rapier
rCold   . . .      Faith    .   (no shield)
rNeg    . . .      Spirit   .   b - +0 leather armour
rPois   .          Reflect  .   c - +0 hat
rElec   .          Harm     .   (no cloak)
rCorr   .          Rampage  .   (no gloves)
Will    .....      NoTele   +   (no boots)
Stlth   ++........              (no amulet)
HPRegen 0.16/turn               (no ring)
MPRegen 0.09/turn               (no ring)

@: on berserk cooldown, slowed, very slow
A: horns 2, retaliatory headbutt
a: no special abilities


You were in the Dungeon.
You visited 1 branch

Inventory:

Hand Weapons
 a - a +0 rapier (weapon)
Missiles
 d - 3 throwing nets (quivered)
Armour
 b - a +0 leather armour (worn)
 c - a +0 hat (worn)
Scrolls
 j - a scroll of blinking
Potions
 e - a potion of curing
 f - a potion of heal wounds
 g - a potion of haste
 h - 2 potions of magic


   Skills:
 + Level 5.0 Fighting
 * Level 6.7 Short Blades
 - Level 2.0 Throwing
 + Level 4.3 Armour
 + Level 5.2 Dodging
 * Level 4.7 Stealth


You had 4 spell levels left.
You didn't know any spells.
Your spell library was empty.

Dungeon Overview and Level Annotations

Branches:
Dungeon (1/1)

Altars:


Innate Abilities, Weirdness & Mutations

You have a pair of horns on your head.
You reflexively headbutt those who attack you in melee.


Message History

You hit the goblin.
The goblin is moderately wounded.
The goblin hits you but does no damage.
You hit the goblin.
You kill the goblin!
You hit the endoplasm but do no damage. You headbutt the endoplasm!
You kill the endoplasm!
Your Short Blades skill increases to level 4!
No target in view!
No target in view!
There is an open door to the Dungeon here.
Things that are here:
a +0 club; a goblin corpse HP restored.
As you open the door, it creaks loudly!
An iguana, a scorpion, an orc, an ufetubus and a phantom come into view.
The orc is wielding a +2 short sword of draining and quivering silver boomerangs.
The orc shouts!
The iguana hisses angrily.
The ufetubus shouts!
The orc throws a silver boomerang.
The silver boomerang hits you!
You take 2 damage, and have 9/18 hp.
A red film seems to cover your vision as you go berserk!
You feel yourself moving faster!
You feel mighty!
You now have 14/27 hp.
You puncture the orc!
You kill the orc!
Your Fighting skill increases to level 3!
You have reached level 2!
You regained 6 hp, and now have 20/39 hp.
MP restored: 1 The phantom hits you.
There is an open door here.
Things that are here:
a +2 short sword of draining; 2 silver boomerangs; an orc corpse You take 1 damage, and have 19/39 hp.
You miss the phantom. The phantom hits you.
You take 2 damage, and have 17/39 hp.
You closely miss the phantom. You hit the phantom.
The phantom is moderately damaged.
The phantom closely misses you. You furiously retaliate!
You headbutt the phantom. You barely miss the phantom.
The phantom is moderately damaged.
The phantom barely misses you. You furiously retaliate!
You headbutt the phantom! You completely miss the phantom.
The phantom is severely damaged.
You hit the phantom.
The phantom is almost destroyed.
The phantom closely misses you.
You puncture the phantom!
You destroy the phantom!
Your Fighting skill increases to level 4!
Your Short Blades skill increases to level 5!
Your Armour skill gained 2 levels and is now at level 3!
Your Dodging skill increases to level 4!
Your Stealth skill gained 2 levels and is now at level 3!
You have reached level 3!
Your experience leads to an increase in your attributes!
Increase (S)trength, (I)ntelligence, or (D)exterity?
You feel agile.
You have reached level 4!
You feel stronger.
You regained 11 hp, and now have 28/61 hp.
MP restored: 3 The scorpion stings you.
You take 1 damage, and have 27/61 hp.
You closely miss the scorpion. The scorpion closely misses you.
You hit the scorpion. You headbutt the scorpion!
The scorpion is severely wounded.
The scorpion closely misses you. You furiously retaliate!
You headbutt the scorpion! You puncture the scorpion!
You kill the scorpion!
You are no longer berserk.
You are exhausted.
You feel yourself slow down.
Your Fighting skill increases to level 5!
Your Short Blades skill increases to level 6!
Your Armour skill increases to level 4!
Your Dodging skill increases to level 5!
Your Stealth skill increases to level 4!
You have reached level 5!
You now have 21/48 hp.
Unknown command.
The iguana closely misses you. The iguana bites you.
You see here a scorpion corpse.
You take 2 damage, and have 19/48 hp.
You barely miss the iguana. You headbutt the iguana!
The iguana is heavily wounded.
The iguana misses you.
You hit the iguana. Your headbutt misses the iguana.
The iguana is severely wounded.
The iguana bites you. The iguana bites you!
* * * LOW HITPOINT WARNING * * *
You take 15 damage, and have 4/48 hp.
MASSIVE DAMAGE!!
You barely miss the iguana.
The iguana is severely wounded.
The iguana bites you!
You die...

▓)▓
▓.▓
▓.▓
▓.▓
▓.▓
▓.▓
▓)▓
▓.▓
▓@▓
▓l▓
▓5▓
▓.▓
▓+▓


You could see an iguana and an ufetubus.

Vanquished Creatures
  A phantom (D)
  A scorpion (D)
  An orc (D)
  An endoplasm (D)
  A giant cockroach (D)
  A goblin (D)
  A hobgoblin (D)
  A quokka (D)
8 creatures vanquished.

Notes
Turn   | Place    | Note
-------+----------+-------------------------------------------
     0 | D        | SkeletonJelly the Minotaur Gladiator began the quest for
                  | the Orb.
     0 | D        | Reached XP level 1. HP: 18/18 MP: 0/0
     2 | D        | Banished a spatial maelstrom
    13 | D        | Reached skill level 1 in Armour
    13 | D        | Reached skill level 1 in Stealth
    18 | D        | Reached skill level 4 in Short Blades
   137 | D        | Noticed a phantom
   137 | D        | Noticed a scorpion
   137 | D        | Noticed an iguana
   140 | D        | Reached XP level 2. HP: 20/26 MP: 1/1
   147 | D        | Killed a phantom
   148 | D        | Reached skill level 5 in Short Blades
   148 | D        | Reached XP level 3. HP: 23/34 MP: 2/2
   148 | D        | Reached XP level 4. HP: 28/41 MP: 3/3
   151 | D        | Killed a scorpion
   152 | D        | Reached skill level 5 in Fighting
   152 | D        | Reached skill level 6 in Short Blades
   152 | D        | Reached skill level 5 in Dodging
   152 | D        | Reached XP level 5. HP: 21/48 MP: 4/4
   155 | D        | Mangled by an iguana

Illustrated notes

Levels and vault maps discovered:
D:        linesprint [early_d, line_temple, items_1, d_10, items_2, lair_1,
          lair_end, items_3, orc_1, orc_end, items_4, d_15, swamp_1, shoals_1,
          snake_1, spider_1, d_20, vaults_1, items_5, swamp_end, shoals_end,
          snake_end, spider_end, vaults_end, d_27, items_6, zot_1, zot_end,
          crypt_end, forest_end, elf_end, slime_end, tomb_end, abyss_end,
          pan_hell_end]

Skill      XL: |  1  2  3  4 |
---------------+-------------+-----
Armour         | 1 3 4 |  4.3
Stealth        | 1 3 4 |  4.7
Short Blades   | 4 5 6 |  6.7
Fighting       | 3 4 5 |  5.0
Dodging        | 4 5 |  5.2
Throwing       | |  2.0

Action                   |  1- 3 |  4- 6 || total
-------------------------+-------+-------++-------
Melee: Rapier            |    22 |     6 ||    28
       Headbutt          |     3 |     2 ||     5
  Use: Potion            |     1 |       ||     1
Armor: Leather armour    |     3 |       ||     3
Dodge: Dodged            |     7 |     4 ||    11

Table legend: (Time is in decaauts)
 A = Elapsed time spent in this place.
 B = Non-inter-level travel time spent in this place.
 C = Inter-level travel time spent in this place.
 D = Time resting spent in this place.
 E = Time spent auto-exploring this place.
 F = Levels seen in this place.
 G = Mean time per level.
                   A        B        C        D        E       F      G
               +--------+--------+--------+--------+--------+-----+--------+
         Total |    152 |    152 |      0 |      0 |    118 |   1 |  152.0 |
       Dungeon |    152 |    152 |      0 |      0 |    118 |   1 |  152.0 |
               +--------+--------+--------+--------+--------+-----+--------+

Top non-repeatable levels by time:
       D: 152 daAuts
